 Dungeon Crawl Stone Soup version 0.17-a0-1037-gbf358b4 (webtiles) character file.

89439 hornqvist the Severer (level 16, -6/132 HPs)
             Began as a Formicid Fighter on May 14, 2015.
             Was an Initiate of Gozag.
             Killed by divine providence
             ... invoked by an orc priest
              (16 damage)
             ... on level 4 of the Orcish Mines.
             The game lasted 00:34:59 (26613 turns).

hornqvist the Severer (Formicid Fighter)           Turns: 26613, Time: 00:34:59

Health: -6/132     AC: 27    Str: 32    XL:     16   Next: 43%
Magic:  16/16      EV: 14    Int: 14    God:    Gozag
Gold:   439        SH: 18    Dex: 15    Spells: 0 memorised, 15 levels left

rFire  + + +     SeeInvis +     o - +0 battleaxe (elec)
rCold  . . .     Clarity  .     D - +2 plate armour {rF+}
rNeg   + . .     SustAb   .     N - +3 shield of Brilliance {Int+7 Slay+3}
rPois  +         Gourm    .     (helmet unavailable)
rElec  +         Spirit   .     w - +2 cloak "Kapnaihu" {+Fly rF+ rN+ Int-2}
rCorr  +         Warding  .     V - +1 pair of gloves {archery}
rMut   .         Stasis   +     v - +1 pair of boots
MR     +....                    (no amulet)
Stlth  ..........               f - +1 ring of evasion
                                L - ring of fire

@: mighty, agile, resistant, flying, somewhat resistant to hostile enchantments,
extremely unstealthy
A: permanent stasis, dig shafts and tunnels, four strong arms, antennae 3
a: Dig, Shaft Self, Potion Petition, Call Merchant, Bribe Branch, Renounce
Religion


You were on level 4 of the Orcish Mines.
You worshipped Gozag.
Gozag was noncommittal.
You were hungry.

You visited 4 branches of the dungeon, and saw 26 of its levels.
You also visited: Labyrinth and Volcano.

You collected 9837 gold pieces.
You spent 1663 gold pieces at shops.
You paid 7735 gold pieces to Gozag.

Inventory:

Hand weapons
 o - a +0 battleaxe of electrocution (weapon)
 y - a +1 great mace of flaming
Armour
 b - a +0 pair of boots of flying
 v - a +1 pair of boots (worn)
 w - the +2 cloak "Kapnaihu" (worn) {+Fly rF+ rN+ Int-2}
   (You bought it in a shop on level 9 of the Dungeon)

   It affects your intelligence (-2).
   It protects you from fire.
   It protects you from negative energy.
   It lets you fly.
 D - a +2 plate armour of fire resistance (worn)
 M - the +0 cloak of Foics {+Fly rElec Int-5}
   (You bought it in a shop on level 12 of the Dungeon)

   It affects your intelligence (-5).
   It insulates you from electricity.
   It lets you fly.
 N - the +3 shield of Brilliance (worn) {Int+7 Slay+3}
   (You bought it in a shop on level 12 of the Dungeon)

   It affects your intelligence (+7).
   It affects your accuracy and damage with ranged weapons and melee attacks
   (+3).
 V - a +1 pair of gloves of archery (worn)
Jewellery
 f - a +1 ring of evasion (right hand)
 m - an uncursed ring of flight
 q - an uncursed ring of protection from cold
 E - an uncursed ring of positive energy
 F - an uncursed ring of wizardry
 L - a ring of fire (left hand)
 O - an uncursed ring of ice
 R - an uncursed ring of protection from fire
 X - an uncursed ring of magical power
Magical devices
 r - a wand of random effects (7)
 K - a wand of fire (9)
Scrolls
 g - a scroll of immolation
 i - 4 scrolls of enchant armour
 l - 5 scrolls of fog
 t - 6 scrolls of identify
 u - 6 scrolls of remove curse
 x - a scroll of recharging
 C - 3 scrolls of enchant weapon
 H - 4 scrolls of amnesia
 U - 2 scrolls of magic mapping
 Z - 2 scrolls of silence
Potions
 a - 2 potions of magic
 c - 2 potions of invisibility
 d - 3 potions of might
 h - a potion of resistance
 j - 2 potions of agility
 k - a potion of mutation
 n - 4 potions of lignification
 p - a potion of ambrosia
 s - 2 potions of brilliance
 z - 3 potions of curing
 A - 2 potions of flight
 I - a potion of cancellation
Books
 P - a book of Dreams

   Spells                             Type                      Level
   a - Ensorcelled Hibernation        Hexes/Ice                    2
   b - Phase Shift                    Translocation                5
   c - Shadow Creatures               Summoning                    5
   d - Silence                        Hexes/Air                    5
   e - Mass Confusion                 Hexes                        6
   f - Darkness                       Hexes                        7
 Q - a book of the Sky

   Spells                             Type                      Level
   a - Summon Lightning Spire         Summoning/Air                4
   b - Airstrike                      Air                          4
   c - Silence                        Hexes/Air                    5
   d - Deflect Missiles               Charms/Air                   6
   e - Conjure Ball Lightning         Conjuration/Air              6
   f - Tornado                        Air                          9
 S - a book of the Warp

   Spells                             Type                      Level
   a - Recall                         Summoning/Translocation      3
   b - Gell's Gravitas                Hexes/Translocation          3
   c - Control Teleport               Charms/Translocation         4
   d - Force Lance                    Conjuration/Translocation    4
   e - Phase Shift                    Translocation                5
   f - Warp Weapon                    Charms/Translocation         5
   g - Summon Forest                  Summoning/Translocation      5
 T - a book of Power

   Spells                             Type                      Level
   a - Fulminant Prism                Conjuration/Hexes            4
   b - Iskenderun's Mystic Blast      Conjuration                  4
   c - Venom Bolt                     Conjuration/Poison           5
   d - Bolt of Magma                  Conjuration/Fire/Earth       5
   e - Iron Shot                      Conjuration/Earth            6
   f - Orb of Destruction             Conjuration                  7
   g - Spellforged Servitor           Conjuration/Summoning        7
Comestibles
 e - 7 bread rations
 B - 8 meat rations
 G - 10 fruits


   Skills:
 + Level 13.8 Fighting
 * Level 17.1 Axes
 + Level 14.0 Armour
 + Level 14.7 Shields


You had 15 spell levels left.
You didn't know any spells.

Dungeon Overview and Level Annotations

Branches:
Dungeon (13/15)            Temple (1/1) D:4            Lair (8/8) D:10
 Shoals (0/4) Lair:3       Spider (0/4) Lair:6        Slime (0/6) Lair:7
    Orc (4/4) D:9             Elf (0/3) Orc:3
 Vaults: D:13-14

Altars:
Ashenzari
Cheibriados
Dithmenos
Elyvilon
Fedhas
Gozag
Kikubaaqudgha
Makhleb
Nemelex Xobeh
Okawaru
Qazlal
Ru
Sif Muna
Trog
Vehumet
Xom
Yredelemnul
Zin
The Shining One
Beogh

Shops:
D:9 *   D:12 [   D:13 [   D:14 %   D:15 !   Orc:1 (=:}   Vaults:2 [

Annotations:
Orc:4 Saint Roka


Innate Abilities, Weirdness & Mutations

You are under a permanent stasis effect.
You can dig through walls and to a lower floor.
Your four strong arms can wield two-handed weapons with a shield.
You have a pair of large antennae on your head (SInv).


Message History

Okay, then. [a] - 525 gold - heal wounds, curing, resistance and flight [b] - 300 gold - might, agility and brilliance [c] - 875 gold - haste, resistance, flight, agility and invisibility Purchase which effect?
You feel much better.
You feel better.
You feel protected.
You feel very buoyant.
You fly up into the air.
You block the goblin's attack.
The orc wizard gestures wildly while chanting.
The orc wizard flickers and vanishes for a moment.
Saint Roka roars a battlecry!
The orcs go into a battle-frenzy!
You block Saint Roka's attack.
The orc warrior hits you from afar with a halberd!!
* * * LOW HITPOINT WARNING * * *
The orc warrior hits you but does no damage.
The orc priest invokes the aid of Beogh against you.
Something smites you!
You die...
Your body crumbles into a pile of gold.

#........# ##..........##
.........## #...........#
#...$.......
###..........##
##..........##.........#.##
###.##......#.........###
#..............##
#.............#
##............##
#......@o..####
#....oogo$..# .......oo$$##
#.......oo##$ .........oo
............ $ $
..........o..
.....#####o... ... ...


You could see Saint Roka, 5 orc warriors, 2 orc priests, an orc wizard
(frenzied), 3 orcs and a goblin.

Vanquished Creatures
  Gastronok (D:9)
  A minotaur (Lab)
  Josephine (D:13)
  3 catoblepae (Lair:8)
  6 hydras
  The ghost of Zooty the Sneak, an experienced DsWz of Cheibriados (D:10)
  19 death yaks
  Sonja (Lair:4)
  The ghost of Charly the Cleaver, an experienced NaWr of Cheibriados (D:8)
  2 skeletal warriors (D:12)
  3 hill giants
  Pikel (D:4)
  3 griffons
  2 ugly things (D:11)
  A manticore (D:12)
  An orb spider (Lair:6)
  An orc sorcerer (Orc:3)
  2 guardian serpents (D:10)
  A cyclops (D:13)
  13 elephants
  6 black mambas
  Maurice (D:11)
  A moth of wrath (D:3)
  A siren (Lair:3)
  A gargoyle (D:10)
  A torpor snail (Lair:7)
  Psyche (D:8)
  13 spiny frogs
  3 spriggan druids (Lair:7)
  12 komodo dragons
  6 fire drakes
  A polar bear (Lair:4)
  2 trolls
  2 two-headed ogres
  26 blink frogs
  12 spriggans (Lair:7)
  Sigmund (D:6)
  4 wraiths (D:13)
  3 basilisks (Lair:5)
  2 deep elf magi
  4 wyverns
  20 hippogriffs
  3 hungry ghosts
  A steam dragon (Lair:8)
  A human (D:11)
  2 wargs (D:9)
  11 swamp worms (Lair:6)
  45 yaks
  21 wolves
  15 orc warriors
  9 porcupines
  2 sky beasts
  19 water moccasins
  3 slaves (D:4)
  7 ice beasts
  An eye of draining (D:9)
  3 black bears
  4 ogres
  2 phantoms
  5 wasps
  4 necrophages (D:11)
  A centaur (D:7)
  27 crocodiles
  A brain worm (Lair:4)
  An elf zombie (D:11)
  Blork the orc (D:4)
  A gnoll sergeant (D:6)
  17 giant frogs
  A wyvern zombie (D:11)
  A wyvern skeleton (D:12)
  22 killer bees
  4 jellies
  3 electric eels
  2 giant frog zombies
  6 crimson imps
  2 giant frog skeletons
  A centaur zombie (D:8)
  6 human zombies (D:11)
  A quasit (D:11)
  26 orc wizards
  3 centaur skeletons
  7 iguanas
  25 orc priests
  A gnoll shaman (D:8)
  6 hounds
  Terence (D:2)
  Natasha (D:3)
  7 worker ants
  21 sheep
  An ogre zombie (D:11)
  A hound skeleton (D:10)
  Robin (D:4)
  14 adders
  A worker ant zombie (D:5)
  19 gnolls
  75 river rats
  4 shadow imps
  6 oozes
  2 adder skeletons
  An adder zombie (D:5)
  10 worms
  8 giant geckos
  122 orcs
  2 ball pythons
  2 bat skeletons (D:4)
  4 giant cockroaches
  29 goblins
  16 hobgoblins
  15 jackals
  6 quokkas
  17 bats
  A giant cockroach zombie (D:5)
  2 giant newts
  10 kobolds
  21 rats
  2 bushes (Lair:2)
  10 fungi
  9 plants
952 creatures vanquished.

Vanquished Creatures (others)
  A fire drake (Lair:5)
  3 hogs (Volcano)
  A deep elf fighter (Volcano)
  An orc warrior (Volcano)
  A big kobold (D:7)
  5 kobolds (D:7)
  A rat (D:4)
  6 fungi (Lair:8)
  21 plants (Lair:8)
40 creatures vanquished.

Grand Total: 992 creatures vanquished

Notes
Turn   | Place    | Note
--------------------------------------------------------------
     0 | D:1      | hornqvist the Formicid Fighter began the quest for the Orb.
     0 | D:1      | Reached XP level 1. HP: 18/18 MP: 1/1
   100 | D:1      | Reached XP level 2. HP: 17/24 MP: 2/2
   600 | D:1      | Reached XP level 3. HP: 29/29 MP: 3/3
  1078 | D:2      | Noticed Terence
  1087 | D:2      | Killed Terence
  1087 | D:2      | Reached skill level 4 in Shields
  1087 | D:2      | Reached XP level 4. HP: 34/37 MP: 4/4
  1749 | D:3      | Found a burning altar of Makhleb.
  2069 | D:3      | Reached XP level 5. HP: 36/42 MP: 5/5
  2545 | D:3      | Noticed a moth of wrath
  2547 | D:3      | Found a bloodstained altar of Trog.
  2562 | D:3      | Reached XP level 6. HP: 41/48 MP: 6/6
  2584 | D:3      | Killed a moth of wrath
  2584 | D:3      | Reached skill level 5 in Axes
  2584 | D:3      | Reached skill level 5 in Shields
  2584 | D:3      | Reached XP level 7. HP: 43/55 MP: 7/7
  2643 | D:3      | Noticed Natasha
  2650 | D:3      | Killed Natasha
  2650 | D:3      | Reached skill level 5 in Armour
  3062 | D:4      | Found a shattered altar of Ashenzari.
  3093 | D:4      | Noticed Blork the orc
  3100 | D:4      | Killed Blork the orc
  3269 | D:4      | Noticed Robin
  3273 | D:4      | Reached XP level 8. HP: 49/61 MP: 8/8
  3280 | D:4      | Killed Robin
  3280 | D:4      | Reached skill level 5 in Fighting
  3301 | D:4      | Found a staircase to the Ecumenical Temple.
  3361 | Temple   | Entered the Ecumenical Temple
  3420 | Temple   | Became a worshipper of Gozag Ym Sagoz the Greedy
  3472 | D:4      | Reached skill level 6 in Axes
  3529 | D:4      | Noticed Pikel
  3552 | D:4      | Killed Pikel
  3552 | D:4      | Reached skill level 7 in Axes
  4131 | D:5      | Entered Level 5 of the Dungeon
  4216 | D:5      | Reached XP level 9. HP: 69/69 MP: 9/9
  5100 | D:6      | Found a sparkling altar of Nemelex Xobeh.
  5213 | D:6      | Found a sacrificial altar of Ru.
  5245 | D:6      | Noticed Sigmund
  5251 | D:6      | Killed Sigmund
  5448 | D:6      | Reached skill level 8 in Axes
  5463 | D:6      | Found a glowing golden altar of the Shining One.
  5465 | D:6      | Noticed an angel
  5510 | D:6      | Found a glowing silver altar of Zin.
  5912 | D:6      | Found a basalt altar of Yredelemnul.
  6463 | D:7      | Found a radiant altar of Vehumet.
  6563 | D:7      | Reached XP level 10. HP: 30/79 MP: 10/10
  7134 | D:7      | Reached skill level 9 in Axes
  7606 | D:7      | Reached skill level 11 in Axes
  7606 | D:7      | Reached XP level 11. HP: 81/89 MP: 11/11
  7723 | D:8      | Found a shadowy altar of Dithmenos.
  7733 | D:8      | Noticed Psyche
  7743 | D:8      | Reached skill level 10 in Shields
  7750 | D:8      | Killed Psyche
  8230 | D:8      | You fall through a shaft for 3 floors!
  8240 | D:11     | Noticed Maurice
  8369 | D:11     | Killed Maurice
  8634 | D:10     | Entered Level 10 of the Dungeon
  8634 | D:10     | Noticed Zooty's ghost (experienced DsWz)
  8638 | D:9      | Noticed Gastronok
  8664 | D:9      | Killed Gastronok
  8683 | D:9      | Found Vaygil's Assorted Antiques.
  8702 | D:9      | Bought a bloodstained cloak for 313 gold pieces
  8712 | D:9      | Identified the +2 cloak "Kapnaihu" {+Fly rF+ rN+ Int-2} (You bought it in a shop on level 9 of the Dungeon)
  8820 | D:8      | Found an iron altar of Okawaru.
  8886 | D:8      | Noticed Charly's ghost (experienced NaWr)
  8911 | D:8      | Killed Charly's ghost
  9047 | D:9      | Reached skill level 12 in Axes
  9119 | D:9      | Found an ancient bone altar of Kikubaaqudgha.
  9120 | D:9      | Found a stormy altar of Qazlal.
  9149 | D:9      | Reached XP level 12. HP: 64/97 MP: 12/12
  9260 | D:9      | Reached skill level 10 in Armour
  9478 | D:9      | Found a staircase to the Orcish Mines.
  9498 | D:9      | Reached skill level 10 in Fighting
  9903 | Orc:1    | Entered Level 1 of the Orcish Mines
  9903 | Orc:1    | Found Duteiclo's Book Boutique.
  9904 | Orc:1    | Found Oczeh's Gadget Shop.
 10046 | Orc:1    | Found Yfut's Jewellery Boutique.
 10109 | Orc:1    | Found Luosops's Weapon Emporium.
 10616 | Orc:2    | Found a dark tunnel.
 10622 | Volcano  | Entered a volcano
 11406 | Orc:3    | Found a staircase to the Elven Halls.
 12452 | D:10     | Killed Zooty's ghost
 13009 | D:10     | Noticed a hill giant
 13017 | D:10     | Killed a hill giant
 13321 | D:10     | Found a staircase to the Lair.
 13586 | D:11     | Noticed a purple ugly thing
 13587 | D:11     | Noticed a hill giant
 13602 | D:11     | Killed a purple ugly thing
 13602 | D:11     | Reached skill level 13 in Axes
 13610 | D:11     | Killed a hill giant
 13802 | D:11     | Reached XP level 13. HP: 95/104 MP: 13/13
 14371 | D:11     | Found a basalt altar of Yredelemnul.
 14896 | D:11     | Noticed a skeletal warrior
 14897 | D:11     | Noticed a skeletal warrior
 14899 | D:11     | Noticed a skeletal warrior
 14899 | D:11     | Noticed a skeletal warrior
 14899 | D:11     | Noticed a skeletal warrior
 15167 | D:12     | Found Uzxoedemm's Armour Emporium.
 15172 | D:12     | Got a warped ring mail
 15206 | D:12     | Bought the +0 cloak of Foics {+Fly rElec Int-5} for 151 gold pieces
 15206 | D:12     | Bought the +3 shield of Brilliance {Int+7 Slay+3} for 807 gold pieces
 15226 | D:12     | Identified the +3 ring mail "Wenn" {MP+9} (You found it on level 12 of the Dungeon)
 15315 | D:12     | Killed a skeletal warrior
 15319 | D:12     | Killed a skeletal warrior
 15555 | Lair:1   | Entered Level 1 of the Lair of Beasts
 16854 | Lair:2   | Reached skill level 14 in Axes
 17514 | Lair:3   | Reached XP level 14. HP: 57/114 MP: 14/14
 17749 | Lair:3   | Found a staircase to the Shoals.
 18252 | Lair:4   | Noticed Sonja
 18269 | Lair:4   | Killed Sonja
 19203 | Lair:5   | Found a labyrinth entrance.
 19210 | Lab      | Entered a labyrinth
 19627 | Lab      | Found an exit through the horrors of the Abyss.
 20167 | Lair:5   | Reached skill level 15 in Axes
 21301 | Lair:6   | Reached XP level 15. HP: 111/122 MP: 15/15
 21824 | Lair:6   | Found a hole to the Spider Nest.
 22607 | Lair:7   | Reached skill level 16 in Axes
 22956 | Lair:7   | Found a staircase to the Slime Pits.
 23396 | Lair:8   | Entered Level 8 of the Lair of Beasts
 24242 | Lair:8   | Reached XP level 16. HP: 58/131 MP: 16/16
 24889 | Lair:8   | Reached skill level 17 in Axes
 25788 | D:13     | Found Noageyh's Antique Armour Shop.
 25795 | D:13     | Bought a pair of glowing gloves for 126 gold pieces
 25795 | D:13     | Bought a smoking cloak for 266 gold pieces
 25815 | D:13     | Identified the +0 cloak of Eternal Night {Dex+2} (You bought it in a shop on level 13 of the Dungeon)
 25987 | D:13     | Noticed Josephine
 26000 | D:13     | Killed Josephine
 26264 | Orc:4    | Entered Level 4 of the Orcish Mines
 26402 | Orc:4    | Found a roughly hewn altar of Beogh.
 26465 | Orc:4    | Found a roughly hewn altar of Beogh.
 26512 | Orc:4    | Found a roughly hewn altar of Beogh.
 26595 | Orc:4    | Noticed Saint Roka
 26613 | Orc:4    | Killed from afar by an orc priest

Vault maps used:
D:1:      shiori_arrival_maze
D:2:      uniq_terence
D:3:      kennysheep_the_goblin_king, tgw_trog, bloody_makhleb, uniq_natasha
D:4:      old_standard_altar, minmay_temple_entry_crystal_x,
          minmay_misc_feat_iff, uniq_pikel, uniq_blork_the_orc, uniq_robin
D:5:      first_bread
D:6:      grunt_temple_overflow_holy_war, nemelex_deck, old_standard_altar,
          nicolae_overflow_crystal_walls, minivault_4, uniq_sigmund
D:7:      fiery_altar_vehumet
D:8:      kennysheep_mini, nicolae_dithmenos_shadow_blocks, uniq_psyche
D:9:      gammafunk_temple_overflow_pools, david_orc_1_choice, uniq_gastronok
D:10:     nrook_guardian_serpent_snake_passage, lair_0_dummy
D:11:     grunt_livestock, lemuel_mausoleum_altar_yredelemnul, uniq_maurice
D:12:     minivault_25_ag
D:13:     kennysheep_generic_room_14, uniq_josephine
Temple:   temple_island_7
Lair:1:   grunt_megastairs_2
Lair:2:   minmay_hedge_maze, eino_small_chamber_without_monster
Lair:3:   minmay_shoals_entry_lonely_mermaid, serial_bayou_pond_d, minivault_11,
          grunt_forest_small_clearing_treed, serial_bayou_shore_b,
          grunt_megastairs_3
Lair:4:   infiniplex_staircase_pool, grunt_megastairs_4, uniq_sonja
Lair:5:   special_room, lab_entry_generic
Lair:6:   nicolae_spider_entry_orb_guardian, worms_lemuel
Lair:7:   forest_paths, nicolae_slime_entry_slimehenge, beast_lair_carwin_2
Lair:8:   evilmike_catoblepas_cave, serial_bayou_lagoon_a, serial_bayou_ford_a,
          grunt_forest_small_clearings, minmay_stone_trees_small,
          wad_woods_road_05, lemuel_fruit_tree
Orc:1:    serial_shops, nicolae_shop_trees, shop, shop, shop_statue,
          nicolae_shop_statue_plus
Orc:2:    nicolae_volcano_entry_s_turn
Orc:3:    nicolae_orc_pool_cavern
Orc:4:    grunt_orc_community_town_hall, grunt_orc_community_big_house_1,
          grunt_orc_community_big_house_2, grunt_orc_community_house_2,
          grunt_orc_community_house_1, grunt_orc_community_house_3,
          grunt_orc_community_house_1, grunt_orc_community_house_3,
          serial_shops, shop, uniq_saint_roka
Lab:      labyrinth_fake_exit
Volcano:  volcano_village

Action                   |  1- 3 |  4- 6 |  7- 9 | 10-12 | 13-15 | 16-18 || total
-------------------------+-------+-------+-------+-------+-------+-------++-------
Melee: War axe           |    92 |   108 |   408 |   145 |       |       ||   753
       Battleaxe         |       |       |       |   670 |  1310 |   188 ||  2168
       Great mace        |       |       |       |       |    58 |     9 ||    67
Invok: Call Merchant     |       |       |     1 |     2 |     2 |     1 ||     6
       Potion Petition   |       |       |       |     2 |     1 |     2 ||     5
 Abil: Dig               |       |     1 |       |     5 |    14 |       ||    20
  Use: Potion            |       |     2 |     1 |    16 |     6 |     2 ||    27
       Scroll            |       |       |       |    15 |    16 |     2 ||    33
 Stab: Distracted        |       |       |     3 |     4 |     8 |     3 ||    18
       Petrified         |       |       |       |       |     1 |       ||     1
  Eat: Chunk             |     1 |     5 |     3 |       |       |       ||     9
       Beef jerky        |       |       |     3 |       |     4 |       ||     7
       Bread ration      |       |       |     1 |     6 |     4 |       ||    11
       Pizza             |       |       |     1 |     1 |     8 |       ||    10
       Fruit             |       |       |       |       |     5 |     4 ||     9
